 Dungeon Crawl Stone Soup version 0.31-a0-277-g31ea1f65cc (webtiles) character file.

Game seed: 2494514667740890467

21626 pokeman the Eclecticist (level 12, 0/68 HPs)
             Began as a Deep Elf Hedge Wizard on July 15, 2023.
             Was a Priest of Vehumet.
             Slain by Sonja
             ... wielding the +10 dagger of Kutill {freeze, Str+4}
              (12 damage)
             ... on level 12 of the Dungeon on July 16, 2023.
             The game lasted 00:36:40 (15740 turns).

pokeman the Eclecticist (Deep Elf Hedge Wizard)    Turns: 15740, Time: 00:36:41

Health: 0/68       AC: 13    Str:  7    XL:     12   Next: 55%
Magic:  28/44      EV: 11    Int: 25    God:    Vehumet [***...]
Gold:   543        SH:  0    Dex: 14    Spells: 35/46 levels left

rFire   + . .        L - +2 short sword (elec)
rCold   . . .        (no shield)
rNeg    . . .        B - +0 acid dragon scales
rPois   .            S - +2 hat {Will+}
rElec   .            k - +0 cloak
rCorr   +            (no gloves)
SInv    .            U - +2 pair of boots
Will    ++...        (no amulet)
Stlth   ++           m - ring of magical power
HPRegen 0.31/turn    z - ring of protection from fire
MPRegen 0.29/turn

%: no passive effects
@: slowed, very slow
A: no striking features
a: Renounce Religion


You were on level 12 of the Dungeon.
You worshipped Vehumet.
Vehumet was most pleased with you.
You visited 2 branches of the dungeon, and saw 13 of its levels.

You collected 543 gold pieces.

Inventory:

Hand Weapons
 L - a +2 short sword of electrocution (weapon)
Missiles
 E - a curare-tipped dart
Armour
 k - a +0 cloak (worn)
 r - a +0 buckler
 B - +0 acid dragon scales (worn)
 K - a +0 robe of fire resistance
 R - an orb of light
 S - a +2 hat of willpower (worn)
 U - a +2 pair of boots (worn)
Magical Staves
 N - a staff of cold
Jewellery
 b - a +6 ring of strength
 l - a ring of ice
 m - a ring of magical power (left hand)
 z - a ring of protection from fire (right hand)
 A - a ring of protection from cold
Wands
 q - a wand of paralysis (18)
 F - a wand of quicksilver (8)
 G - a wand of digging (5)
 T - a wand of roots (1)
Scrolls
 c - a scroll of silence
 i - 2 scrolls of blinking
 v - 3 scrolls of teleportation
 x - a scroll of revelation {unknown}
 y - 2 scrolls of fear {unknown}
 C - 3 scrolls of vulnerability {unknown}
 V - a scroll of summoning {unknown}
Potions
 a - 6 potions of heal wounds
 d - 2 potions of magic
 e - 7 potions of haste {unknown}
 f - a potion of ambrosia {unknown}
 g - 5 potions of curing {unknown}
 h - 2 potions of might {unknown}
 p - 3 potions of resistance {unknown}
 s - 2 potions of enlightenment {unknown}
 w - 3 potions of degeneration
 D - a potion of mutation {unknown}
 H - a potion of cancellation {unknown}
 I - a potion of berserk rage {unknown}
 Y - a potion of invisibility {unknown}
Miscellaneous
 P - a phantom mirror
 Q - a phial of floods
 W - a condenser vane
 X - a piece from Xom's chessboard (15/15)
 Z - a lightning rod (4/4)


   Skills:
 - Level 5.0 Fighting
 - Level 4.0 Armour
 - Level 3.0 Dodging
 - Level 3.0 Stealth
 + Level 3.9 Shields
 * Level 17.5 Spellcasting
 + Level 10.4 Conjurations
 - Level 1.1 Summonings
 - Level 1.2 Necromancy
 - Level 1.1 Translocations
 - Level 1.0 Ice Magic
 - Level 1.0 Air Magic
 + Level 10.0 Earth Magic
 - Level 1.0 Poison Magic
 - Level 1.0 Evocations


You had 35 spell levels left.
You knew the following spells:

 Your Spells              Type           Power      Damage    Failure   Level
a - Magic Dart            Conj           100%       1d8       1%          1
b - Mephitic Cloud        Conj/Pois/Air  42%        N/A       1%          3
c - Call Imp              Summ           54%        N/A       4%          2
d - Blink                 Tloc           54%        N/A       4%          2
e - Stone Arrow           Conj/Erth      100%       3d13      1%          3

Your spell library contained the following spells:

 Spells                   Type           Power      Damage    Failure   Level
 Iskenderun's Mystic Bla  Conj/Tloc      50%        2d11      1%          4
 Sandblast                Erth           100%       2d20      1%          1
 Passwall                 Tmut/Erth      39%        N/A       1%          2
 Poisonous Vapours        Pois/Air       52%        N/A       1%          2
 Ignite Poison            Fire/Tmut/Pois 23%        N/A       3%          3
 Slow                     Hex            84%        N/A       4%          1
 Cigotuvi's Dreadful Rot  Necr/Pois/Air  54%        N/A       4%          2
 Borgnjor's Vile Clutch   Necr/Erth      25%        N/A       11%         5
 Conjure Ball Lightning   Conj/Air       25%        3x3d7     16%         6
 Animate Dead             Necr           28%        N/A       24%         4
 Death Channel            Necr           14%        N/A       98%         6


Dungeon Overview and Level Annotations

Branches:
Dungeon (12/15)            Temple (1/1) D:5            Lair (0/5) D:10
    Orc (0/2) D:10

Altars:
Dithmenos
Elyvilon
Gozag
Hepliaklqana
Kikubaaqudgha
Makhleb
Nemelex Xobeh
Okawaru
Sif Muna
Trog
Uskayaw
Vehumet
Wu Jian
Xom

Shops:
D:2 (   D:7 (   D:8 [   D:10 =(

Annotations:
D:10 3 runed translucent doors, snackwell's ghost, journeyman DsSh
D:12 1 runed translucent door, Piem's ghost, journeyman DsMo; Snorg; Sonja


Message History

Press: ? - help, Shift-Dir - straight line The ball explodes into a vile cloud!
The stinking cloud engulfs Snorg but does no damage.
Snorg is heavily wounded.
You feel sick.
Sonja is engulfed in noxious fumes.
Sonja appears confused.
Snorg is engulfed in noxious fumes.
Sonja is engulfed in noxious fumes.
Sonja appears confused.
Snorg is engulfed in noxious fumes.
Unknown command.
Casting: Mephitic Cloud (safe; 1% risk of failure)
Confirm with . or Enter, or press ? or * to list all spells.
Aiming: Mephitic Cloud (safe; 1% risk of failure)
Press: ? - help, Shift-Dir - straight line The ball explodes into a vile cloud!
The stinking cloud engulfs the deep elf pyromancer but does no damage.
You feel sick.
Snorg is engulfed in noxious fumes.
Snorg bites you! Snorg claws you but does no damage. Snorg claws you!
Sonja gestures wildly.
The deep elf pyromancer is engulfed in noxious fumes.
The deep elf pyromancer appears confused.
Snorg is engulfed in noxious fumes.
Snorg appears confused.
Snorg barely misses you. Snorg claws you! x2
* * * LOW HITPOINT WARNING * * *
Sonja is engulfed in noxious fumes.
Sonja appears confused.
Casting: Mephitic Cloud (safe; 1% risk of failure)
Confirm with . or Enter, or press ? or * to list all spells.
You blink.
You feel sick.
Snorg is engulfed in noxious fumes.
Snorg appears confused.
The deep elf pyromancer is engulfed in noxious fumes.
Sonja is engulfed in noxious fumes.
Sonja appears confused.
Sonja gestures wildly.
Unknown command.
You feel sick.
You are no longer poisoned.
Snorg is engulfed in noxious fumes.
Snorg appears confused.
Sonja is engulfed in noxious fumes.
Snorg is engulfed in noxious fumes.
Sonja laughs at nothing.
Snorg rages.
You feel stable enough to blink again.
Snorg bites Sonja!
Snorg barely misses Sonja.
Snorg closely misses Sonja.
Sonja hits you with the +10 dagger of Kutill {freeze, Str+4}!
You die...

#### ############## #..#
#.............
###..#########...○........#######
.................................
................°................
..............T..................
##...........°°K.................
#..#.........°..@...#....<.......
#...##........°°..##.............
#...#.#..........#.#.............
#....#.##.....e##.#..............
......##.#....#.##...............
......#.#.####.#.#....######.....
.......#.##..##.#.....# #...##
........##....##......# #...#
......................# #...#


You could see Snorg (berserk, confused), a deep elf pyromancer (confused) and
Sonja (confused).

Vanquished Creatures
  Gastronok (D:8)
  A centaur warrior (D:8)
  6 two-headed ogres
  A tengu warrior (D:8)
  2 death yaks (D:10)
  Nergalle (D:12)
  An orc knight (D:8)
  A deep elf pyromancer (D:12)
  A cyclops (D:10)
  2 gargoyles
  2 kobold demonologists (D:11)
  An unseen horror (D:11)
  A komodo dragon (D:11)
  Maggie (D:6)
  A hornet (D:8)
  3 trolls
  6 slime creatures
  A shadow (D:11)
  2 wyverns (D:8)
  6 wraiths
  2 vampires
  6 yaks (D:11)
  3 steam dragons
  Grum (D:8)
  3 vampire mosquitoes
  A warg (D:10)
  Menkaure (D:6)
  An acid dragon (D:10)
  3 swamp worms (D:11)
  A water moccasin (D:8)
  2 sky beasts
  4 orc warriors
  An ice beast (D:8)
  3 ogres
  A black bear (D:6)
  4 wolves (D:8)
  3 centaurs
  4 kobold brigands
  3 bullfrogs
  5 scorpions
  18 wights
  9 killer bees (D:10)
  4 howler monkeys
  12 orc priests
  4 hounds
  3 sleepcaps
  Jessica (D:2)
  3 gnoll boudas
  7 iguanas
  Ijyb (D:4)
  10 orc wizards
  Natasha (thrice) (D:2)
  A hell rat (D:10)
  Robin (D:4)
  14 gnolls
  4 adders
  3 river rats (D:10)
  2 white imps
  An ufetubus (D:5)
  A worm (D:3)
  A dart slug (D:3)
  35 orcs
  A bat (D:2)
  10 endoplasms
  2 giant cockroaches
  13 goblins
  5 hobgoblins
  4 jackals (D:1)
  15 kobolds
  8 quokkas
  4 ball pythons
  11 frilled lizards
  5 rats
309 creatures vanquished.

Notes
Turn   | Place    | Note
-------+----------+-------------------------------------------
     0 | D:1      | pokeman the Deep Elf Hedge Wizard began the quest for the
                  | Orb.
     0 | D:1      | Reached XP level 1. HP: 10/10 MP: 7/7
   230 | D:1      | Reached XP level 2. HP: 9/16 MP: 3/9
   494 | D:1      | Reached skill level 5 in Spellcasting
   980 | D:1      | Reached XP level 3. HP: 20/20 MP: 9/11
   984 | D:1      | Learned a level 3 spell: Mephitic Cloud
   987 | D:1      | Learned a level 2 spell: Call Imp
   990 | D:1      | Learned a level 2 spell: Blink
   994 | D:1      | Learned a level 3 spell: Stone Arrow
  1368 | D:2      | Noticed Jessica
  1383 | D:2      | Killed Jessica
  1384 | D:2      | Reached skill level 1 in Fighting
  1384 | D:2      | Reached skill level 1 in Armour
  1384 | D:2      | Reached XP level 4. HP: 25/25 MP: 6/13
  1542 | D:2      | Noticed Natasha
  1553 | D:2      | Killed Natasha
  1737 | D:2      | Found Miponos's Antique Weapon Emporium.
  1885 | D:2      | Noticed Natasha
  1889 | D:2      | Killed Natasha
  1919 | D:2      | Found a faded altar of an unknown god.
  2004 | D:2      | Reached skill level 6 in Spellcasting
  2113 | D:2      | Noticed Natasha
  2123 | D:2      | Killed Natasha
  2124 | D:2      | Reached XP level 5. HP: 15/29 MP: 15/15
  2208 | D:3      | Found a shadowy altar of Dithmenos.
  2385 | D:3      | Found a hazy altar of Hepliaklqana.
  2731 | D:3      | Reached skill level 1 in Poison Magic
  3474 | D:4      | Reached skill level 1 in Earth Magic
  3474 | D:4      | Reached XP level 6. HP: 34/34 MP: 17/17
  3481 | D:4      | Reached skill level 1 in Air Magic
  3518 | D:4      | Noticed Ijyb
  3542 | D:4      | Paralysed by Ijyb for 5 turns
  3579 | D:4      | Killed Ijyb
  3580 | D:4      | Reached skill level 7 in Spellcasting
  3721 | D:4      | Noticed Robin
  3743 | D:4      | Killed Robin
  3815 | D:4      | Found an opulent altar of Gozag.
  3978 | D:4      | Found an ornate altar of the Wu Jian Council.
  4086 | D:4      | Found an iron altar of Okawaru.
  4288 | D:4      | You fall into a shaft and drop 2 floors!
  4301 | D:6      | Reached XP level 7. HP: 33/39 MP: 20/20
  4366 | D:6      | Reached skill level 8 in Spellcasting
  4464 | D:5      | Entered Level 5 of the Dungeon
  4942 | D:5      | Reached skill level 9 in Spellcasting
  4942 | D:5      | Reached XP level 8. HP: 44/44 MP: 23/23
  5095 | D:5      | Found a staircase to the Ecumenical Temple.
  5103 | Temple   | Entered the Ecumenical Temple
  5109 | Temple   | Became a worshipper of Vehumet
  5377 | D:5      | Found a sparkling altar of Nemelex Xobeh.
  5377 | D:5      | Found a bloodstained altar of Trog.
  5728 | D:5      | Found a shimmering altar of Xom.
  5841 | D:6      | Reached skill level 1 in Shields
  6029 | D:6      | Noticed Maggie
  6039 | D:6      | Reached skill level 5 in Conjurations
  6062 | D:6      | Killed Maggie
  6063 | D:6      | Reached skill level 10 in Spellcasting
  6318 | D:6      | Noticed Menkaure
  6323 | D:6      | Killed Menkaure
  6324 | D:6      | Reached XP level 9. HP: 48/48 MP: 19/25
  6762 | D:7      | Reached skill level 5 in Earth Magic
  6992 | D:7      | Found Rokexzik's Weapon Emporium.
  7001 | D:7      | Reached skill level 11 in Spellcasting
  8353 | D:8      | Reached skill level 12 in Spellcasting
  8499 | D:8      | Reached * piety under Vehumet
  8499 | D:8      | Offered knowledge of Shock by Vehumet.
  8501 | D:8      | Noticed a tengu warrior
  8523 | D:8      | HP: 2/48 [wight/+4 morningstar (15)]
  8743 | D:8      | Reached XP level 10. HP: 49/53 MP: 2/28
  9046 | D:8      | Reached skill level 13 in Spellcasting
  9046 | D:8      | Noticed an orc knight
  9047 | D:8      | Noticed Grum
  9048 | D:8      | Noticed a two-headed ogre
  9057 | D:8      | Killed Grum
  9077 | D:8      | Killed a two-headed ogre
  9130 | D:8      | Killed an orc knight
  9316 | D:8      | Noticed a centaur warrior
  9327 | D:8      | Killed a centaur warrior
  9328 | D:8      | Reached skill level 14 in Spellcasting
  9330 | D:8      | Noticed a two-headed ogre
  9357 | D:8      | Killed a two-headed ogre
  9554 | D:8      | Noticed a gargoyle
  9558 | D:8      | Killed a gargoyle
  9559 | D:8      | Reached XP level 11. HP: 59/59 MP: 31/31
  9564 | D:8      | Identified the +1 scale mail "Nymoug" {rN+ rCorr}
  9578 | D:8      | Killed a tengu warrior
  9729 | D:8      | Found Xatet's Armour Emporium.
 10162 | D:8      | Noticed Gastronok
 10171 | D:8      | Killed Gastronok
 10172 | D:8      | Reached skill level 1 in Necromancy
 10172 | D:8      | Reached skill level 1 in Ice Magic
 10172 | D:8      | Reached skill level 1 in Evocations
 10221 | D:8      | Reached skill level 15 in Spellcasting
 10743 | D:9      | Noticed a two-headed ogre
 10749 | D:9      | Killed a two-headed ogre
 10879 | D:9      | Reached ** piety under Vehumet
 11298 | D:9      | Offered knowledge of Freeze by Vehumet.
 11870 | D:10     | Entered Level 10 of the Dungeon
 11870 | D:10     | Noticed a two-headed ogre
 11874 | D:10     | Killed a two-headed ogre
 12256 | D:10     | Found a staircase to the Orcish Mines.
 12407 | D:10     | Found a runed translucent gate.
 12407 | D:10     | Found a runed translucent gate.
 12408 | D:10     | Found a runed translucent gate.
 12410 | D:10     | Noticed snackwell's ghost (journeyman DsSh)
 12442 | D:10     | Found Veoffos's Weapon Emporium.
 12542 | D:10     | Found Riynupid's Jewellery Shoppe.
 12782 | D:10     | Found a hide-covered altar of Uskayaw.
 12788 | D:10     | Reached skill level 16 in Spellcasting
 12848 | D:10     | Offered knowledge of Scorch by Vehumet.
 12900 | D:10     | Noticed a death yak
 12901 | D:10     | Noticed a death yak
 12911 | D:10     | Noticed a death yak
 12917 | D:10     | Killed a death yak
 13049 | D:10     | Killed a death yak
 13172 | D:10     | Found a staircase to the Lair.
 13405 | D:11     | Reached *** piety under Vehumet
 13414 | D:11     | Reached XP level 12. HP: 54/67 MP: 30/34
 13563 | D:11     | Got the Grimoire of Shocking Forms
 14121 | D:11     | Reached skill level 5 in Fighting
 14168 | D:11     | Noticed a two-headed ogre
 14172 | D:11     | Killed a two-headed ogre
 14173 | D:11     | Reached skill level 10 in Conjurations
 14332 | D:11     | Reached skill level 17 in Spellcasting
 15051 | D:12     | Noticed a two-headed ogre
 15055 | D:12     | Killed a two-headed ogre
 15111 | D:12     | Noticed Snorg
 15299 | D:12     | Noticed Nergalle
 15311 | D:12     | Killed Nergalle
 15312 | D:12     | Reached skill level 10 in Earth Magic
 15374 | D:12     | Offered knowledge of Iskenderun's Mystic Blast by Vehumet.
 15545 | D:12     | Found a runed translucent door.
 15546 | D:12     | Noticed Piem's ghost (journeyman DsMo)
 15732 | D:12     | Identified the +10 dagger of Kutill {freeze, Str+4}
 15732 | D:12     | Noticed Sonja
 15740 | D:12     | Slain by Sonja

Illustrated notes

Levels and vault maps discovered:
D:1:      minmay_arrival_checkered_box, layout_basic, grunt_decor_cap,
          minmay_tetromino_t2
D:2:      layout_loops_cross, serial_shops, shop, ebering_ecumenical_altar_webs,
          serial_glass, glass_columns_b, glass_columns_b, corner_web_ring,
          uniq_jessica, uniq_natasha
D:3:      layout_basic, grunt_dithmenos_smoke, nzn_hepliaklqana_mist_gate,
          st_stairs_1
D:4:      layout_rooms, marbit_many_paths, grunt_gozag_breadcrumbs,
          nzn_wu_jian_council_hall, chequers_serial_rivers_micro_b,
          nicolae_goblin_pals
D:5:      nicolae_cairo_tiling, layout_loops_ring, tgw_xom,
          chequers_temple_overflow_statue_of_worship,
          minmay_temple_entry_drinking_statues, minmay_misc_feat_tiny,
          nrook_mini_vaults, minmay_lizard_king
D:6:      layout_loops_ring, uniq_maggie, uniq_menkaure
D:7:      layout_layer_cave, serial_shops, nicolae_shop_window_shopping,
          nicolae_water_bricks, hangedman_decor_opposing
D:8:      minmay_the_grid_plus [minmay_the_grid_armoury,
          minmay_the_grid_embedded, minmay_the_grid_spin_star,
          minmay_the_grid_all_tris, minmay_the_grid_prize_shrinking_boxes],
          layout_basic, serial_shops, nicolae_shop_tiny_real_fake_doors,
          blue_anna_alchemist, uniq_grum, uniq_gastronok
D:9:      layout_layer_cave, grunt_decor_clamped
D:10:     layout_roguey, mainiacjoe_overflow_chevrons, dpeg_lair_monsters,
          erik_orc_4, serial_shops, nicolae_shop_tiny_waterfront, shop,
          gammafunk_ghost_spectres, serial_bayou_crossing
D:11:     layout_basic, worms_lemuel
D:12:     layout_long_grid, gammafunk_ghost_grave,
          minmay_misc_feat_secret_circle, uniq_snorg, uniq_sonja, uniq_nergalle
Temple:   compressed_dpeg_triangle_lava_temple

Skill      XL: |  1  2  3  4  5  6  7  8  9 10 11 12 |
---------------+-------------------------------------+-----
Spellcasting   | 5 6 7 9 10 12 14 16 17 | 17.5
Fighting       | 1 2 4 5 |  5.0
Armour         | 1 2 3 4 |  4.0
Conjurations   | 2 3 4 5 7 8 9 10 | 10.4
Stealth        | 3 |  3.0
Dodging        | 3 |  3.0
Poison Magic   | 1 |  1.0
Earth Magic    | 1 2 3 4 6 7 9 10 | 10.0
Air Magic      | 1 |  1.0
Shields        | 2 3 |  3.9
Necromancy     | 1 |  1.2
Ice Magic      | 1 |  1.0
Evocations     | 1 |  1.0
Summonings     | |  1.1
Translocations | |  1.1

Action                     |  1- 3 |  4- 6 |  7- 9 | 10-12 || total
---------------------------+-------+-------+-------+-------++-------
  Melee: Dagger            |    36 |    71 |    63 |       ||   170
         Hand axe          |       |       |    32 |     3 ||    35
         Punch             |       |       |     1 |     1 ||     2
         Short sword       |       |       |       |    40 ||    40
   Cast: Magic Dart        |    52 |    94 |   104 |    36 ||   286
         Mephitic Cloud    |       |    14 |    25 |    27 ||    66
         Call Imp          |       |       |     4 |     4 ||     8
         Stone Arrow       |       |       |    81 |   278 ||   359
         Blink             |       |       |     1 |     1 ||     2
  Evoke: Wand              |       |       |       |     3 ||     3
    Use: Scroll            |       |       |       |     9 ||     9
   Stab: Confused          |       |    10 |     7 |       ||    17
 Armour: Robe              |    12 |    19 |    30 |     4 ||    65
         Acid dragon scale |       |       |       |    26 ||    26
  Dodge: Dodged            |    40 |    41 |    76 |    51 ||   208

Table legend: (Time is in decaauts)
 A = Elapsed time spent in this place.
 B = Non-inter-level travel time spent in this place.
 C = Inter-level travel time spent in this place.
 D = Time resting spent in this place.
 E = Time spent auto-exploring this place.
 F = Levels seen in this place.
 G = Mean time per level.
                   A        B        C        D        E       F      G
               +--------+--------+--------+--------+--------+-----+--------+
         Total |  15793 |  15057 |    736 |   1021 |  11822 |  13 | 1214.8 |
       Dungeon |  15759 |  15027 |    732 |   1021 |  11822 |  12 | 1313.2 |
        Temple |     34 |     31 |      3 |      0 |      0 |   1 |   34.0 |
               +--------+--------+--------+--------+--------+-----+--------+

Top non-repeatable levels by time:
     D:8: 2369 daAuts
     D:7: 1706 daAuts
     D:9: 1450 daAuts
    D:11: 1420 daAuts
    D:10: 1319 daAuts
     D:3: 1288 daAuts
     D:5: 1209 daAuts
     D:1: 1122 daAuts
     D:6: 1078 daAuts
     D:2: 1007 daAuts
     D:4: 985 daAuts
    D:12: 801 daAuts
  Temple: 34 daAuts
